General information
- name: BNet
- type: Ladder team game (AT/RT)
- host: Battle.net
- saver: TheCoffinRoad
map: Cherryville
- players: 8
- length: 45:38
- speed: Fast
- version: 1.26 W3XP
- replay type: Public
» download(234 KB)
Players
team 1 (loser)
kim.il.sung (
orange | 45 APM | 558 actions | 12:28)
2 Mountain King
1 Storm Bolt
1 Bash
1 Paladin
1 Holy Light
» actions
| Build / train | 69 | |
| Enter build submenu | 20 | |
| Enter hero's abilities submenu | 3 | |
| Right click | 255 | |
| Select / deselect | 166 | |
| Use ability | 45 | |
558 total
» units
» upgrades
| Swords | 1 | |
| Masonry | 1 | |
| Lumber Harvesting | 1 | |
3 total
» buildings
| Lumber Mill | 1 | |
| Farm | 6 | |
| Barracks | 2 | |
| Altar of Kings | 1 | |
| Scout Tower | 11 | |
| Arcane Tower | 3 | |
| Town Hall | 3 | |
| Keep | 1 | |
| Blacksmith | 1 | |
| Arcane Vault | 1 | |
| Guard Tower | 6 | |
| Castle | 1 | |
| Gryphon Aviary | 1 | |
38 total
» build order
00:25 Lumber Mill
00:37 Farm
01:00 Barracks
01:15 Altar of Kings
01:25 Farm
01:26 Farm
01:27 Farm
01:30 Farm
01:32 Farm
02:28 Scout Tower
02:56 Arcane Tower
04:47 Town Hall
05:02 Town Hall
05:08 Scout Tower
05:09 Scout Tower
05:15 Scout Tower
05:16 Scout Tower
05:19 Scout Tower
05:19 Scout Tower
05:26 Keep
05:38 Blacksmith
05:43 Arcane Vault
05:51 Guard Tower
05:53 Arcane Tower
06:04 Guard Tower
06:13 Guard Tower
06:45 Scout Tower
06:47 Scout Tower
07:31 Guard Tower
07:45 Guard Tower
07:50 Castle
08:23 Gryphon Aviary
09:01 Scout Tower
09:02 Scout Tower
10:24 Town Hall
10:36 Arcane Tower
10:37 Guard Tower
12:21 Barracks
» items
| Potion of Mana | 1 | |
| Scroll of Regeneration | 2 | |
| Lesser Clarity Potion | 2 | |
5 total

»
agentknox666 (
yellow | 60 APM | 872 actions | 14:37)
3 Lich
2 Frost Nova
1 Frost Armor
» actions
| Build / train | 124 | |
| Enter build submenu | 27 | |
| Enter hero's abilities submenu | 3 | |
| Right click | 456 | |
| Select / deselect | 228 | |
| Use ability | 34 | |
872 total
» units
| Acolyte | 25 | |
| Ghoul | 11 | |
| Crypt Fiend | 27 | |
| Kobold Geomancer | 4 | |
| Assassin | 3 | |
70 total
» upgrades
| Creature Attack | 1 | |
| Creature Carapace | 1 | |
2 total
» buildings
| Altar of Darkness | 2 | |
| Ziggurat | 10 | |
| Crypt | 2 | |
| Graveyard | 2 | |
| Nerubian Tower | 24 | |
| Spirit Tower | 4 | |
| Tomb of Relics | 2 | |
| Necropolis | 1 | |
| Halls of the Dead | 7 | |
54 total
» build order
00:12 Altar of Darkness
00:20 Ziggurat
00:47 Crypt
01:08 Graveyard
01:17 Nerubian Tower
01:17 Nerubian Tower
01:33 Ziggurat
02:00 Ziggurat
02:33 Nerubian Tower
02:33 Nerubian Tower
03:19 Spirit Tower
03:33 Crypt
04:24 Tomb of Relics
06:28 Ziggurat
07:32 Nerubian Tower
07:32 Nerubian Tower
07:33 Nerubian Tower
07:45 Ziggurat
07:58 Necropolis
08:25 Ziggurat
08:27 Ziggurat
08:29 Ziggurat
08:50 Spirit Tower
08:52 Tomb of Relics
09:01 Halls of the Dead
09:01 Halls of the Dead
09:02 Halls of the Dead
09:02 Halls of the Dead
09:32 Spirit Tower
09:32 Spirit Tower
09:36 Nerubian Tower
09:41 Nerubian Tower
09:42 Nerubian Tower
09:42 Nerubian Tower
10:47 Ziggurat
11:28 Ziggurat
12:12 Nerubian Tower
12:12 Nerubian Tower
12:51 Halls of the Dead
12:52 Halls of the Dead
12:58 Altar of Darkness
13:22 Graveyard
» items
| Orb of Fire | 4 | |
| Scroll of Town Portal | 1 | |
5 total
CELPHONEMYSTERY (
pink | 50 APM | 2297 actions | 45:37)
5 Mountain King
3 Storm Bolt
2 Bash
5 Archmage
2 Summon Water Elemental
3 Brilliance Aura
» actions
| Assign group hotkey | 107 | |
| Basic commands | 4 | |
| Build / train | 92 | |
| Enter build submenu | 29 | |
| Enter hero's abilities submenu | 11 | |
| Give item / drop item | 2 | |
| Remove unit from queue | 2 | |
| Right click | 1013 | |
| Select / deselect | 352 | |
| Select group hotkey | 548 | |
| Use ability | 137 | |
2297 total
» units
| Peasant | 14 | |
| Footman | 4 | |
| Goblin Shredder | 2 | |
| Gryphon Rider | 5 | |
| Knight | 3 | |
| Dragonhawk Rider | 1 | |
| Goblin Sapper | 2 | |
31 total
» upgrades
| Masonry | 3 | |
| Storm Hammers | 1 | |
| Cloud | 1 | |
| Swords | 3 | |
| Armor | 2 | |
| Animal War Training | 1 | |
| Plating | 1 | |
12 total
» buildings
| Altar of Kings | 1 | |
| Barracks | 1 | |
| Farm | 14 | |
| Scout Tower | 28 | |
| Lumber Mill | 1 | |
| Arcane Tower | 3 | |
| Keep | 1 | |
| Guard Tower | 15 | |
| Castle | 1 | |
| Arcane Vault | 1 | |
| Town Hall | 2 | |
| Gryphon Aviary | 4 | |
| Blacksmith | 1 | |
73 total
» build order
00:09 Altar of Kings
00:22 Barracks
00:37 Farm
00:52 Farm
01:38 Farm
01:46 Scout Tower
02:06 Lumber Mill
02:24 Arcane Tower
03:02 Farm
04:03 Keep
05:14 Scout Tower
05:16 Scout Tower
05:17 Scout Tower
05:17 Scout Tower
05:51 Guard Tower
06:40 Castle
06:41 Guard Tower
06:52 Arcane Vault
07:26 Farm
08:19 Scout Tower
08:24 Scout Tower
08:32 Arcane Tower
08:39 Town Hall
08:41 Guard Tower
09:12 Farm
09:23 Gryphon Aviary
09:23 Gryphon Aviary
09:52 Scout Tower
09:52 Scout Tower
10:00 Scout Tower
10:01 Scout Tower
10:01 Scout Tower
10:16 Scout Tower
10:17 Scout Tower
10:37 Guard Tower
10:37 Guard Tower
10:41 Guard Tower
10:41 Guard Tower
10:50 Guard Tower
11:06 Gryphon Aviary
11:13 Blacksmith
11:18 Farm
11:18 Farm
11:20 Farm
11:21 Farm
11:29 Scout Tower
11:29 Scout Tower
11:30 Scout Tower
11:30 Scout Tower
11:31 Scout Tower
11:36 Scout Tower
13:01 Scout Tower
13:02 Scout Tower
13:02 Scout Tower
13:03 Scout Tower
13:04 Scout Tower
13:04 Scout Tower
13:39 Guard Tower
13:39 Guard Tower
13:39 Guard Tower
13:47 Guard Tower
13:47 Guard Tower
14:17 Guard Tower
14:18 Guard Tower
14:22 Gryphon Aviary
15:33 Farm
15:33 Farm
15:34 Farm
15:34 Farm
21:11 Arcane Tower
22:25 Town Hall
» items
| Scroll of Regeneration | 2 | |
| Potion of Healing | 2 | |
| Staff of Teleportation | 2 | |
| Potion of Lesser Invulnerability | 2 | |
| Staff of Sanctuary | 1 | |
| Scroll of Town Portal | 1 | |
10 total

»
M.3.I.0.A.5 (
green | 38 APM | 663 actions | 17:18)
3 Far Seer
2 Feral Spirit
1 Chain Lighting
1 Shadow Hunter
1 Healing Wave
» actions
| Assign group hotkey | 7 | |
| Basic commands | 43 | |
| Build / train | 46 | |
| Enter build submenu | 14 | |
| Enter hero's abilities submenu | 4 | |
| Right click | 324 | |
| Select / deselect | 129 | |
| Select group hotkey | 68 | |
| Use ability | 28 | |
663 total
» units
| Peon | 7 | |
| Grunt | 9 | |
| Troll Headhunter/Berserker | 2 | |
| Shaman | 7 | |
| Troll Witch Doctor | 5 | |
30 total
» upgrades
| Melee Weapons | 1 | |
| Armor | 1 | |
| Shaman Training | 2 | |
| Witch Doctor Training | 2 | |
| Berserker Strength | 1 | |
7 total
» buildings
| Altar of Storms | 1 | |
| Orc Burrow | 5 | |
| Barracks | 1 | |
| War Mill | 2 | |
| Stronghold | 2 | |
| Fortress | 1 | |
| Spirit Lodge | 2 | |
| Great Hall | 1 | |
15 total
» build order
00:09 Altar of Storms
00:15 Orc Burrow
01:20 Barracks
01:32 Orc Burrow
02:13 War Mill
03:13 Orc Burrow
04:29 Stronghold
06:58 Fortress
07:05 Spirit Lodge
08:11 Spirit Lodge
09:21 Great Hall
14:20 Orc Burrow
14:24 Orc Burrow
16:28 Stronghold
16:58 War Mill
team 2 (winner)
organicblast (
blue | 59 APM | 1342 actions | 22:42)
5 Blademaster
3 Wind Walk
2 Critical Strike
» actions
| Assign group hotkey | 15 | |
| Basic commands | 12 | |
| Build / train | 65 | |
| Enter build submenu | 20 | |
| Enter hero's abilities submenu | 5 | |
| Right click | 496 | |
| Select / deselect | 209 | |
| Select group hotkey | 412 | |
| Use ability | 108 | |
1342 total
» units
| Peon | 10 | |
| Raider | 12 | |
| Shaman | 3 | |
| Troll Batrider | 3 | |
28 total
» upgrades
| Spiked Barricades | 1 | |
| Melee Weapons | 3 | |
| Ensnare | 1 | |
| Armor | 2 | |
| Shaman Training | 2 | |
| Witch Doctor Training | 1 | |
10 total
» buildings
| Altar of Storms | 1 | |
| Orc Burrow | 7 | |
| Voodoo Lounge | 1 | |
| War Mill | 1 | |
| Stronghold | 2 | |
| Watch Tower | 3 | |
| Beastiary | 3 | |
| Fortress | 1 | |
| Spirit Lodge | 1 | |
20 total
» build order
00:15 Altar of Storms
00:21 Orc Burrow
00:52 Voodoo Lounge
01:09 War Mill
02:44 Stronghold
02:44 Stronghold
03:04 Watch Tower
03:09 Watch Tower
03:28 Watch Tower
03:35 Orc Burrow
04:50 Orc Burrow
04:51 Orc Burrow
05:16 Beastiary
05:25 Beastiary
05:58 Fortress
11:06 Spirit Lodge
13:53 Orc Burrow
13:54 Orc Burrow
13:58 Orc Burrow
16:03 Beastiary
» items
| Healing Salve | 4 | |
| Lesser Clarity Potion | 3 | |
| Scroll of Speed | 3 | |
| Orb of Lightning | 1 | |
| Scroll of Town Portal | 1 | |
| Potion of Healing | 1 | |
| Tiny Great Hall | 1 | |
| Scroll of Regeneration | 2 | |
16 total
ThisMayNotWork (
red | 45 APM | 2058 actions | 45:37)
5 Mountain King
1 Thunder Clap
3 Storm Bolt
1 Bash
4 Paladin
2 Holy Light
2 Divine Shield
» actions
| Assign group hotkey | 15 | |
| Basic commands | 30 | |
| Build / train | 127 | |
| Enter build submenu | 56 | |
| Enter hero's abilities submenu | 9 | |
| Give item / drop item | 3 | |
| Right click | 797 | |
| Select / deselect | 378 | |
| Select group hotkey | 477 | |
| Use ability | 166 | |
2058 total
» units
| Peasant | 24 | |
| Goblin Shredder | 1 | |
| Sorceress | 3 | |
| Mortar Team | 6 | |
| Flying Machine | 11 | |
45 total
» upgrades
| Gunpowder | 3 | |
| Sorceress Training | 2 | |
| Masonry | 3 | |
| Magic Sentry | 1 | |
| Fragmentation Shards | 1 | |
| Flare | 1 | |
| Flak Cannons | 1 | |
| Plating | 1 | |
13 total
» buildings
| Farm | 9 | |
| Altar of Kings | 1 | |
| Lumber Mill | 2 | |
| Arcane Vault | 1 | |
| Keep | 1 | |
| Blacksmith | 1 | |
| Town Hall | 2 | |
| Arcane Sanctum | 1 | |
| Workshop | 4 | |
| Castle | 1 | |
| Scout Tower | 34 | |
| Guard Tower | 41 | |
| Cannon Tower | 2 | |
100 total
» build order
00:21 Farm
00:35 Altar of Kings
01:02 Farm
01:38 Lumber Mill
01:47 Farm
02:22 Arcane Vault
02:28 Farm
03:39 Farm
03:56 Keep
04:31 Blacksmith
04:44 Town Hall
05:28 Farm
06:27 Arcane Sanctum
06:34 Workshop
06:37 Workshop
07:47 Castle
08:20 Farm
08:40 Scout Tower
08:41 Scout Tower
08:55 Farm
09:30 Guard Tower
09:34 Scout Tower
09:34 Scout Tower
10:23 Guard Tower
10:24 Guard Tower
10:24 Guard Tower
10:26 Scout Tower
10:31 Scout Tower
10:40 Farm
11:00 Cannon Tower
11:01 Scout Tower
11:12 Cannon Tower
11:14 Scout Tower
12:46 Guard Tower
12:47 Guard Tower
12:56 Scout Tower
13:05 Scout Tower
13:10 Scout Tower
13:31 Guard Tower
13:31 Guard Tower
13:43 Scout Tower
13:47 Guard Tower
13:48 Guard Tower
14:11 Scout Tower
14:16 Guard Tower
14:16 Guard Tower
14:18 Scout Tower
14:20 Lumber Mill
14:26 Guard Tower
14:26 Guard Tower
14:31 Scout Tower
14:39 Guard Tower
14:40 Guard Tower
14:42 Scout Tower
15:09 Guard Tower
15:10 Guard Tower
15:12 Scout Tower
15:13 Guard Tower
15:15 Scout Tower
15:22 Guard Tower
16:19 Guard Tower
16:24 Town Hall
16:48 Scout Tower
16:49 Scout Tower
17:30 Guard Tower
17:33 Scout Tower
17:35 Scout Tower
18:04 Guard Tower
18:05 Guard Tower
18:08 Scout Tower
18:33 Scout Tower
18:36 Scout Tower
18:48 Guard Tower
18:48 Guard Tower
18:50 Scout Tower
19:07 Guard Tower
19:11 Scout Tower
19:15 Scout Tower
19:39 Guard Tower
19:41 Scout Tower
19:57 Guard Tower
19:57 Guard Tower
19:59 Scout Tower
20:02 Scout Tower
20:33 Guard Tower
20:35 Scout Tower
21:10 Scout Tower
21:12 Guard Tower
21:49 Guard Tower
21:49 Guard Tower
21:52 Scout Tower
21:55 Workshop
21:59 Workshop
23:32 Guard Tower
25:25 Guard Tower
25:26 Guard Tower
» items
| Scroll of Regeneration | 4 | |
| Staff of Teleportation | 2 | |
| Boots of Speed | 2 | |
| Staff of Sanctuary | 1 | |
| Orb of Fire | 2 | |
| Scroll of Town Portal | 2 | |
13 total
TheCoffinRoad (
teal | 81 APM | 3694 actions | 45:38)
6 Blood Mage
3 Flame Strike
2 Siphon Mana
1 Summon Phoenix
» actions
| Assign group hotkey | 77 | |
| Basic commands | 357 | |
| Build / train | 205 | |
| ESC pressed | 18 | |
| Enter build submenu | 61 | |
| Enter hero's abilities submenu | 6 | |
| Give item / drop item | 17 | |
| Remove unit from queue | 1 | |
| Right click | 990 | |
| Select / deselect | 498 | |
| Select group hotkey | 1201 | |
| Use ability | 263 | |
3694 total
» units
| Peasant | 23 | |
| Footman | 6 | |
| Sorceress | 1 | |
| Goblin Shredder | 5 | |
| Gryphon Rider | 8 | |
| Dragonhawk Rider | 5 | |
| Siege Engine | 1 | |
49 total
» upgrades
| Masonry | 3 | |
| Swords | 3 | |
| Armor | 3 | |
| Lumber Harvesting | 2 | |
| Sorceress Training | 2 | |
| Magic Sentry | 1 | |
| Animal War Training | 1 | |
| Cloud | 1 | |
| Storm Hammers | 1 | |
| Plating | 3 | |
| Gunpowder | 3 | |
| Priest Training | 2 | |
| Control Magic | 1 | |
| Defend | 1 | |
| Long Rifles | 1 | |
| Flak Cannons | 1 | |
| Flying Machine Bombs | 1 | |
| Barrage | 1 | |
| Fragmentation Shards | 1 | |
| Flare | 1 | |
| Backpack | 1 | |
| Ranged Weapons | 1 | |
35 total
» buildings
| Altar of Kings | 1 | |
| Barracks | 1 | |
| Farm | 9 | |
| Arcane Vault | 1 | |
| Lumber Mill | 1 | |
| Town Hall | 4 | |
| Scout Tower | 31 | |
| Guard Tower | 43 | |
| Keep | 3 | |
| Blacksmith | 1 | |
| Arcane Sanctum | 1 | |
| Castle | 4 | |
| Gryphon Aviary | 8 | |
| Workshop | 8 | |
| Cannon Tower | 4 | |
120 total
» build order
00:54 Altar of Kings
00:57 Barracks
01:00 Farm
01:07 Farm
01:17 Farm
01:47 Farm
02:32 Arcane Vault
02:34 Farm
02:47 Lumber Mill
04:16 Town Hall
04:19 Scout Tower
04:23 Scout Tower
04:24 Scout Tower
04:24 Scout Tower
04:25 Scout Tower
04:27 Scout Tower
04:27 Scout Tower
04:29 Scout Tower
04:30 Scout Tower
05:03 Guard Tower
05:05 Guard Tower
05:20 Guard Tower
05:20 Guard Tower
06:14 Keep
06:15 Keep
06:22 Guard Tower
06:41 Blacksmith
07:06 Guard Tower
07:06 Guard Tower
07:12 Farm
07:14 Farm
07:18 Farm
07:19 Farm
08:43 Arcane Sanctum
09:00 Castle
09:00 Castle
09:01 Castle
10:33 Scout Tower
10:34 Scout Tower
10:36 Scout Tower
10:37 Scout Tower
12:11 Town Hall
12:14 Scout Tower
12:15 Scout Tower
12:16 Scout Tower
12:17 Scout Tower
12:19 Scout Tower
12:20 Scout Tower
12:21 Scout Tower
12:22 Scout Tower
12:23 Scout Tower
12:46 Guard Tower
12:47 Guard Tower
12:47 Guard Tower
12:48 Guard Tower
12:48 Guard Tower
12:48 Guard Tower
12:48 Guard Tower
12:49 Guard Tower
12:55 Guard Tower
12:55 Guard Tower
13:07 Gryphon Aviary
13:12 Gryphon Aviary
13:18 Guard Tower
14:47 Guard Tower
14:48 Guard Tower
26:09 Town Hall
27:21 Scout Tower
27:22 Scout Tower
27:24 Scout Tower
27:25 Scout Tower
27:26 Scout Tower
28:25 Guard Tower
28:25 Guard Tower
28:28 Guard Tower
28:28 Guard Tower
28:28 Guard Tower
28:34 Workshop
28:35 Workshop
28:36 Workshop
28:39 Workshop
28:41 Workshop
28:43 Workshop
28:45 Workshop
28:47 Workshop
30:58 Gryphon Aviary
30:59 Gryphon Aviary
31:01 Gryphon Aviary
31:02 Gryphon Aviary
33:59 Town Hall
34:13 Scout Tower
34:15 Scout Tower
34:16 Scout Tower
34:17 Scout Tower
35:09 Guard Tower
35:09 Guard Tower
35:10 Guard Tower
35:11 Cannon Tower
35:11 Cannon Tower
35:12 Cannon Tower
35:45 Gryphon Aviary
37:29 Gryphon Aviary
» items
| Scroll of Regeneration | 8 | |
| Mechanical Critter | 2 | |
| Potion of Invisibility | 2 | |
| Boots of Speed | 1 | |
| Staff of Teleportation | 1 | |
| Lesser Clarity Potion | 5 | |
| Tiny Great Hall | 1 | |
| Potion of Mana | 4 | |
24 total
TowerRusher2.0 (
purple | 32 APM | 1449 actions | 45:37)
4 Archmage
2 Blizzard
2 Summon Water Elemental
» actions
| Basic commands | 154 | |
| Build / train | 62 | |
| Enter build submenu | 54 | |
| Enter hero's abilities submenu | 4 | |
| Give item / drop item | 2 | |
| Right click | 633 | |
| Select / deselect | 468 | |
| Use ability | 72 | |
1449 total
» units
| Peasant | 20 | |
| Rifleman | 1 | |
| Gryphon Rider | 9 | |
30 total
» upgrades
| Swords | 3 | |
| Armor | 2 | |
| Masonry | 3 | |
| Storm Hammers | 1 | |
| Lumber Harvesting | 1 | |
10 total
» buildings
| Farm | 13 | |
| Scout Tower | 19 | |
| Lumber Mill | 3 | |
| Arcane Tower | 1 | |
| Altar of Kings | 1 | |
| Blacksmith | 1 | |
| Barracks | 2 | |
| Keep | 1 | |
| Town Hall | 5 | |
| Arcane Vault | 1 | |
| Guard Tower | 7 | |
| Castle | 1 | |
| Gryphon Aviary | 3 | |
58 total
» build order
00:48 Farm
01:05 Scout Tower
01:07 Scout Tower
01:19 Lumber Mill
01:31 Farm
01:41 Arcane Tower
02:07 Altar of Kings
02:13 Blacksmith
02:39 Barracks
02:41 Barracks
03:01 Farm
03:41 Farm
03:45 Keep
05:29 Town Hall
05:35 Scout Tower
05:36 Scout Tower
05:38 Scout Tower
05:44 Arcane Vault
06:04 Scout Tower
06:05 Scout Tower
06:06 Scout Tower
06:32 Scout Tower
06:34 Scout Tower
06:36 Scout Tower
06:38 Guard Tower
06:49 Castle
06:59 Scout Tower
07:01 Guard Tower
07:06 Scout Tower
07:09 Scout Tower
07:30 Scout Tower
07:48 Gryphon Aviary
08:26 Guard Tower
08:38 Scout Tower
09:11 Guard Tower
09:15 Gryphon Aviary
09:47 Gryphon Aviary
09:53 Farm
10:48 Lumber Mill
10:51 Farm
14:50 Farm
14:52 Farm
16:56 Farm
16:58 Farm
17:11 Scout Tower
17:55 Guard Tower
17:58 Scout Tower
18:18 Farm
18:20 Farm
20:40 Guard Tower
20:41 Scout Tower
23:18 Farm
28:41 Town Hall
28:47 Town Hall
29:07 Guard Tower
31:11 Town Hall
35:45 Town Hall
36:57 Lumber Mill
» items
| Scroll of Regeneration | 2 | |
| Ivory Tower | 4 | |
| Staff of Teleportation | 1 | |
7 total
Chat log
(00:09 / All) TowerRusher2.0: OH HERRRO KIM JON
(00:16 / All) kim.il.sung: herro
(00:17 / All) TheCoffinRoad: KIM JONG IL
(00:19 / All) TheCoffinRoad: OH
(00:22 / All) TheCoffinRoad: KIM IL SUNG
(00:26 / All) TheCoffinRoad: YOU ARE NOT ETERNAL LEADER
(00:26 / All) TowerRusher2.0: YOU WAN EGG ROLL?
(00:28 / All) TheCoffinRoad: YOU ARE DEAR LEADER
(00:30 / All) TowerRusher2.0: OR WON TON SOUP
(00:31 / All) ThisMayNotWork: GREAT FATHER
(00:40 / Allies) ThisMayNotWork: invisible mortars
(00:40 / Allies) ThisMayNotWork: cause
(00:42 / Allies) ThisMayNotWork: of stuff
(00:45 / All) CELPHONEMYSTERY: i sense a lot of arrogance in this game
(00:45 / All) kim.il.sung: i am the grandfather of the world
(00:47 / All) TheCoffinRoad: North Korea's official website Naenara says they have some of the best internet and IT in the world is this true?
(01:02 / All) kim.il.sung: obv
(01:07 / All) kim.il.sung: we have the best everythnig
(01:12 / All) ThisMayNotWork: especially bark
(01:15 / All) ThisMayNotWork: for starving people to eat
(01:21 / All) ThisMayNotWork: great bark
(01:30 / All) TheCoffinRoad: Are you trying to get good enough at WC3 so you can go to a tournament and win money to revive the North Korean economy with it
(01:32 / All) TheCoffinRoad: it?
(01:47 / All) TowerRusher2.0: im ready for harrass
(01:49 / All) TowerRusher2.0: come at me
(01:50 / All) TowerRusher2.0: BRO
(01:51 / All) kim.il.sung: our economy is amazing
(02:16 / All) kim.il.sung: soon as we kill the american imperialist scum we will have a better world
(02:21 / All) kim.il.sung: a north korean world
(02:28 / All) TheCoffinRoad: I thought you didn't have many resources such as water and that perhaps it was all in the Dear Leader's fat stomach
(02:31 / All) ThisMayNotWork: oh my
(02:35 / All) ThisMayNotWork: that's hardly appropriate
(02:48 / All) TowerRusher2.0: still haven't answered
(02:49 / All) TowerRusher2.0: egg roll
(02:52 / All) TowerRusher2.0: or won ton soup
(02:57 / All) ThisMayNotWork: lol
(03:13 / All) kim.il.sung: obama is an alien
(03:19 / All) kim.il.sung: from the planet nigtar
(03:30 / All) kim.il.sung: look at his skeleton like physique
(03:47 / All) ThisMayNotWork: he's sexy
(04:01 / Allies) ThisMayNotWork: 100 wood anyone?
(04:08 / Allies) TowerRusher2.0: pay back
(04:10 / All) CELPHONEMYSTERY: blue go top left
(04:12 / Allies) TowerRusher2.0: 10000%interest
(04:13 / Allies) ThisMayNotWork: k after shredder
(04:14 / Allies) ThisMayNotWork: i will
(04:22 / All) CELPHONEMYSTERY: expo that is
(04:41 / All) kim.il.sung: no mortal force can match the mite and power of the north korean empire
(04:51 / All) TheCoffinRoad: Then I must be an immortal one
(04:53 / All) kim.il.sung: move
(06:09 / Allies) ThisMayNotWork: come for heal
(06:11 / Allies) ThisMayNotWork: purp
(06:16 / Allies) TowerRusher2.0: k
(06:29 / Allies) ThisMayNotWork: daddy loves u
(06:41 / Allies) TowerRusher2.0: :)
(07:43 / All) ThisMayNotWork: CHICKEN
(07:43 / All) ThisMayNotWork: SPY
(08:22 / Allies) TowerRusher2.0: wood anyone?
(09:04 / Allies) TowerRusher2.0: him with morts?
(09:12 / Allies) ThisMayNotWork: i'll blast them shortly
(09:29 / Allies) TheCoffinRoad: Which one of you assholes killed my critter?
(09:34 / Allies) TheCoffinRoad: It was right fucking here
(09:37 / All) TowerRusher2.0: yellow
(09:40 / All) TowerRusher2.0: did it
(09:46 / Allies) ThisMayNotWork: use mine
(09:48 / All) TheCoffinRoad: oh
(09:49 / All) TheCoffinRoad: What a prick
(10:13 / All) TowerRusher2.0: yellow still tier 1 eh
(11:05 / All) TowerRusher2.0: beg for mercy
(11:07 / All) TowerRusher2.0: yellow
(11:07 / All) TowerRusher2.0: now
(11:14 / All) TowerRusher2.0: or else
(11:23 / All) TowerRusher2.0: no?
(11:41 / All) TowerRusher2.0: back to tier 1
(12:19 / All) ThisMayNotWork: this is so fun
(12:26 / All) TowerRusher2.0: i said
(12:29 / All) TowerRusher2.0: beg for mercy
(12:31 / All) TowerRusher2.0: your own fault
(12:36 / All) TheCoffinRoad: Wow so much for mighty North Korea
(12:37 / Allies) TowerRusher2.0: wood?
(12:41 / All) agentknox666: stfu green
(12:44 / All) agentknox666: u suck ass
(12:53 / All) TowerRusher2.0: yellow nice base
(12:59 / All) TheCoffinRoad: What base?
(13:01 / All) TheCoffinRoad: Yellow has a base?
(13:10 / Allies) TowerRusher2.0: come here
(13:22 / All) ThisMayNotWork: this makes 8-0
(13:22 / Allies) TowerRusher2.0: red wood me?
(13:23 / All) ThisMayNotWork: of me doing
(13:26 / All) ThisMayNotWork: purely gay strats
(13:31 / All) agentknox666: casters green?
(13:32 / All) TowerRusher2.0: lol'
(13:32 / All) TheCoffinRoad: Nice acolytes yellow
(13:33 / All) agentknox666: ahah
(13:35 / All) TowerRusher2.0: he thinks he won!
(13:37 / All) TowerRusher2.0: alreayd
(13:43 / Allies) TowerRusher2.0: thx red
(14:21 / All) TowerRusher2.0: yellow nice expo
(14:32 / All) agentknox666: purp ur mom was nice
(14:33 / All) agentknox666: ty
(14:36 / All) TowerRusher2.0: LOL
(14:37 / All) TowerRusher2.0: clever
(14:56 / All) TowerRusher2.0: my mom is nice too
(15:41 / Allies) ThisMayNotWork: love how
(15:43 / All) TowerRusher2.0: GREEN
(15:45 / Allies) ThisMayNotWork: even though green has caasers
(15:46 / All) TowerRusher2.0: YOU'RE SO FUCKED
(15:46 / Allies) ThisMayNotWork: no sentry wards
(15:53 / All) M.3.I.0.A.5: i know
(15:55 / Allies) TheCoffinRoad: I doubt he knows what a sentry ward is
(15:57 / All) TowerRusher2.0: YOU'RE SO FUCKED
(16:04 / All) TowerRusher2.0: you know what sentry wards are?
(16:06 / All) TheCoffinRoad: I don't think either of those words are part of his vocabulary
(16:31 / Allies) TowerRusher2.0: is blue doing well?
(16:36 / Allies) TowerRusher2.0: haven't seen him do anything
(16:39 / Allies) TowerRusher2.0: besides bm harrass
(17:03 / Allies) organicblast: hi me from ven
(17:13 / All) ThisMayNotWork: why are you guys
(17:15 / All) ThisMayNotWork: still here
(17:19 / Allies) TheCoffinRoad: Venezeula?
(17:20 / All) TowerRusher2.0: why are you?
(19:00 / Allies) ThisMayNotWork: LOL
(19:02 / Allies) ThisMayNotWork: LOOK
(19:03 / Allies) ThisMayNotWork: WHERE HIS HALL
(19:04 / Allies) ThisMayNotWork: IS
(19:04 / Allies) ThisMayNotWork: BAHAHA
(19:11 / Allies) TheCoffinRoad: I saw someone do that once
(19:12 / Allies) TowerRusher2.0: generally ppl make expos
(19:15 / Allies) TheCoffinRoad: and he said it's to get more peasants on it
(19:19 / Allies) TheCoffinRoad: because that's apparently better
(19:22 / Allies) TowerRusher2.0: lawl
(19:31 / Allies) TowerRusher2.0: fuck
(19:32 / Allies) TowerRusher2.0: lol
(20:26 / Allies) ThisMayNotWork: sorry blue
(20:36 / Allies) ThisMayNotWork: don't worry
(20:37 / Allies) ThisMayNotWork: we will win
(20:42 / All) ThisMayNotWork: YOU'RE MY BOY BLUE
(20:49 / Allies) TowerRusher2.0: idk man
(20:51 / Allies) TowerRusher2.0: im scared
(21:00 / Allies) TowerRusher2.0: nice
(21:05 / Allies) TheCoffinRoad: Thanks for the expo, blue
(21:27 / Allies) TowerRusher2.0: wow
(21:29 / Allies) TowerRusher2.0: lost your bm?
(21:45 / Allies) TheCoffinRoad: For someone with 1 hero left he wasn't very careful
(21:48 / Allies) TheCoffinRoad: He's a big, fat, noob
(21:55 / Allies) TheCoffinRoad: A sack of shit
(22:00 / Allies) TowerRusher2.0: NICE PEONS
(22:06 / Allies) ThisMayNotWork: OH MY that's hardly appropriate
(22:18 / Allies) ThisMayNotWork: they don't have
(22:20 / Allies) ThisMayNotWork: upgraded towers
(22:21 / Allies) ThisMayNotWork: lol
(22:26 / Allies) ThisMayNotWork: still no wards
(22:27 / Allies) ThisMayNotWork: wtf
(22:36 / Allies) TowerRusher2.0: THX
(22:47 / Allies) ThisMayNotWork: bahahah
(22:49 / Allies) ThisMayNotWork: whahhaha
(23:18 / Allies) ThisMayNotWork: for someone who is 40-26
(23:20 / Allies) ThisMayNotWork: he's really bad
(23:20 / Allies) TheCoffinRoad: Let's get red
(23:23 / Allies) ThisMayNotWork: i mean that rec isn't good
(23:25 / Allies) TowerRusher2.0: k
(23:26 / Allies) TheCoffinRoad: I mean let's make them red with blood
(23:33 / Allies) TowerRusher2.0: i know what you mean
(23:34 / Allies) TowerRusher2.0: lol
(23:36 / Allies) TheCoffinRoad: good
(24:24 / All) TowerRusher2.0: wow tker
(24:25 / All) TowerRusher2.0: Red
(24:30 / All) TowerRusher2.0: what a dick
(24:34 / All) TheCoffinRoad: Red is a tker
(24:37 / All) TheCoffinRoad: He attacked me
(24:41 / All) TheCoffinRoad: when all I did was make clouds
(24:48 / All) TheCoffinRoad: I felt like a cloudy day but he didn't like the weather I put on
(24:49 / All) TheCoffinRoad: he's a tker
(24:55 / All) TowerRusher2.0: man hes 7-0 too
(25:04 / All) TheCoffinRoad: Not for long
(25:39 / All) TowerRusher2.0: you are right
(25:43 / Allies) TowerRusher2.0: thnis may not work
(26:11 / All) CELPHONEMYSTERY: dat micro red
(26:12 / All) TheCoffinRoad: Red
(26:15 / All) TheCoffinRoad: I'm reporting you to Blizzard
(26:17 / All) TheCoffinRoad: for tking
(26:22 / All) TheCoffinRoad: You caused my grief
(26:24 / All) TowerRusher2.0: me too
(26:24 / All) TheCoffinRoad: You are a griever bro
(26:26 / All) TowerRusher2.0: we save replay
(27:12 / All) TheCoffinRoad: I still have my first footies
(27:29 / All) TowerRusher2.0: red still has his first base
(27:31 / All) TowerRusher2.0: oh wait
(27:36 / All) TheCoffinRoad: lol
(27:44 / All) TheCoffinRoad: Wonder if he ever can keep it
(27:45 / All) CELPHONEMYSTERY: i thought red was one of u 2
(27:46 / All) TheCoffinRoad: probably not
(28:55 / All) TowerRusher2.0: nothing worse than a tker
(29:01 / All) TheCoffinRoad: Agreed man
(29:05 / All) TheCoffinRoad: Too many tkers on Battle.net today
(29:09 / All) TheCoffinRoad: Tkers should all be banned
(29:21 / All) CELPHONEMYSTERY: cant believe i 1v'4 this
(29:38 / All) TheCoffinRoad: we had tker
(29:40 / All) TheCoffinRoad: it was like 1v3
(29:51 / All) TowerRusher2.0: blue only counts as .5 to
(29:55 / All) TowerRusher2.0: 1v2.5
(30:02 / All) TheCoffinRoad: Yeah he did nothing
(30:04 / All) TheCoffinRoad: he sucked
(30:07 / All) TheCoffinRoad: so basically it's 1v2.5
(30:57 / All) TowerRusher2.0: red why dont you pass those resources bud
(31:07 / All) TowerRusher2.0: so we can win us this game
(31:08 / All) TheCoffinRoad: Yeah you can keep your last buildings if you give us wood
(31:12 / All) TheCoffinRoad: and we can win
(31:28 / All) TheCoffinRoad: I fucking hate gold and lumber hoarders
(31:40 / All) TheCoffinRoad: he has 6758 gold Jesus Christ wtf
(31:46 / All) TheCoffinRoad: How does anyone get that much what the fuck man
(31:51 / All) TowerRusher2.0: he wont even speak now :(
(32:00 / All) TheCoffinRoad: Mute crippled fuck
(32:34 / Allies) TowerRusher2.0: blue has a peon
(32:35 / Allies) TowerRusher2.0: ?
(32:45 / All) TheCoffinRoad: He does?
(32:47 / All) TheCoffinRoad: oh
(32:50 / All) TheCoffinRoad: 1 food somewhere
(32:53 / Allies) TowerRusher2.0: where
(32:55 / All) TheCoffinRoad: No idea
(34:11 / Allies) TowerRusher2.0: geez red
(34:13 / Allies) TowerRusher2.0: all that gold
(34:15 / Allies) TowerRusher2.0: to waste
(34:36 / Allies) TheCoffinRoad: Look at his gold count then mine, he has so fucking much
(34:38 / Allies) TheCoffinRoad: fucking hoarder
(34:40 / Allies) TheCoffinRoad: he needs to split some
(34:43 / Allies) TowerRusher2.0: wow
(34:44 / Allies) TowerRusher2.0: wtf
(35:29 / All) TheCoffinRoad: I'm killing these tents I don't like hobos on my Cherryville
(36:34 / All) CELPHONEMYSTERY: i am fondling myself gentlemen
(36:52 / All) CELPHONEMYSTERY: do u approve red
(37:02 / All) TheCoffinRoad: Red talk to us man
(37:15 / All) TowerRusher2.0: i know you are there
(37:43 / All) TheCoffinRoad: I found blue's peon
(37:46 / All) TheCoffinRoad: It was hidden behind the cliff
(37:49 / Allies) TowerRusher2.0: ?
(37:53 / All) TheCoffinRoad: moved it out
(37:54 / Allies) TowerRusher2.0: ohhh
(38:03 / Allies) TowerRusher2.0: sneakly blue
(38:09 / All) CELPHONEMYSTERY: prick peon
(38:20 / All) CELPHONEMYSTERY: hes a prick aint he red
(38:30 / All) TheCoffinRoad: IF IT'S RED IT MUST BE DEAD
(38:47 / All) TowerRusher2.0: A GOLD MINE IS RUNNING LOW
(38:51 / All) TowerRusher2.0: MAYBE IF RED WOULD SHARE
(38:53 / All) CELPHONEMYSTERY: no standoff its just me
(39:12 / All) TowerRusher2.0: WORKIN on my base
(39:40 / All) TowerRusher2.0: you assholes did htis to me when I didn't know you on this map
(39:50 / All) TowerRusher2.0: fucker massed kodo and wouldn't help me
(39:55 / All) TheCoffinRoad: lawl
(40:11 / All) CELPHONEMYSTERY: who?
(40:14 / All) CELPHONEMYSTERY: massed kodo
(40:22 / All) TowerRusher2.0: i think you massed kodo jake
(40:23 / All) TheCoffinRoad: You I think
(40:29 / All) TowerRusher2.0: turncoat called me out for my maphack
(40:52 / All) TheCoffinRoad: You maphack? I never even noticed
(40:53 / All) CELPHONEMYSTERY: i do not remember
(41:07 / All) TowerRusher2.0: yeah now that we do this i always do
(41:11 / All) TheCoffinRoad: Same
(41:14 / All) TheCoffinRoad: Maphacking is more fun
(41:18 / All) TheCoffinRoad: helps me get some last laughs from the game
(41:19 / All) TowerRusher2.0: yeah
(42:36 / All) TowerRusher2.0: almost mined all the gold
(42:47 / All) CELPHONEMYSTERY: we did that once
(42:51 / All) CELPHONEMYSTERY: on that friends map
(42:57 / All) TheCoffinRoad: Turncoat did
(43:01 / All) CELPHONEMYSTERY: i stayed for entire game and felt sick afterwards
(43:02 / All) TowerRusher2.0: fuck that map
(43:06 / All) TheCoffinRoad: he had hundeds of thousands of gold
(43:13 / All) TheCoffinRoad: It had more personality than generic maps now
(43:14 / All) CELPHONEMYSTERY: that was along ass game
(43:18 / All) TheCoffinRoad: I miss the maps like it and gold rush
(43:21 / All) TheCoffinRoad: you could tower real easy on friends
(43:22 / All) CELPHONEMYSTERY: pretty sure we mined all gold on hurricane too
(43:26 / All) TowerRusher2.0: i miss gold rush
(43:38 / All) CELPHONEMYSTERY: sc2no.wc4yes was REALLY pissed they got rid of friends
(43:40 / All) TheCoffinRoad: hurricane often sucked because of players
(43:51 / All) TowerRusher2.0: they have it on sc2?
(44:02 / All) CELPHONEMYSTERY: no, its a player we know
(44:06 / All) CELPHONEMYSTERY: he hacks too and screws aorund
(44:11 / All) TowerRusher2.0: ah
(44:14 / All) TowerRusher2.0: well red
(44:16 / All) TowerRusher2.0: it was fun
(44:38 / All) TowerRusher2.0: 7-1
(44:40 / All) TowerRusher2.0: 7-1
(44:42 / All) TheCoffinRoad: Those were my faithful footies all game
(44:46 / Allies) TheCoffinRoad: wait
(44:50 / All) CELPHONEMYSTERY: oh hes undefeated
(44:53 / Allies) TheCoffinRoad: Gtta avenge them
(44:54 / All) CELPHONEMYSTERY: thats why hes styaing
(45:17 / All) TheCoffinRoad: That's for my footies
(45:34 / All) TowerRusher2.0: GG